 Dungeon Crawl Stone Soup version 0.19-b1-5-gdc9fa9d (webtiles) character file.

63 Gorglomux the Cudgeler (level 4, -5/28 HPs)
             Began as a Gargoyle Monk on Oct 31, 2016.
             Slain by Natasha (6 damage)
             ... on level 2 of the Dungeon.
             The game lasted 00:02:27 (1115 turns).

Gorglomux the Cudgeler (Gargoyle Monk)              Turns: 1115, Time: 00:02:28

Health: -5/28      AC:  6    Str: 15    XL:     4   Next: 9%
Magic:  4/4        EV: 12    Int: 11    God:
Gold:   132        SH:  0    Dex: 12    Spells: 0 memorised, 3 levels left

rFire  . . .     SeeInvis .     a - +0 mace
rCold  . . .     Gourm    .     b - +1 robe
rNeg   + . .     Faith    .     (no shield)
rPois  ∞         Spirit   .     (no helmet)
rElec  +         Reflect  .     (no cloak)
rCorr  .         Harm     .     (no gloves)
MR     .....                    (no boots)
Stlth  ++........               (no amulet)
                                (no ring)
                                (no ring)

@: no status effects
A: negative energy resistance 1, electricity resistance, unbreathing,
petrification resistance, rot immunity, AC +3
a: no special abilities


You were on level 2 of the Dungeon.
You were not hungry.

You visited 1 branch of the dungeon, and saw 2 of its levels.

You collected 132 gold pieces.

Inventory:

Hand Weapons
 a - a +0 mace (weapon)
Armour
 b - a +1 robe (worn)
Scrolls
 d - a scroll of teleportation
Comestibles
 c - 2 bread rations
 f - a slice of pizza
 k - 7 chunks of flesh


   Skills:
 - Level 3.2 Fighting
 + Level 4.8 Maces & Flails
 - Level 2.4 Dodging
 - Level 2.1 Stealth


You had 3 spell levels left.
You didn't know any spells.

Dungeon Overview and Level Annotations

Branches:
Dungeon (2/15)

Altars:

Annotations:
D:2 Natasha


Innate Abilities, Weirdness & Mutations

You are resistant to torment.
Your stone body is resilient. (AC +3)
You are immune to poison.
You resist negative energy. (rN+)
You are resistant to electric shocks. (rElec)
You can survive without breathing.
You are immune to petrification.
You are immune to rotting.


Message History

The crimson imp barely misses you.
You hit Natasha but do no damage.
Natasha mumbles some strange words.
The crimson imp blinks!
You sock Natasha!
Natasha is severely wounded.
Natasha howls an incantation.
Natasha glows brightly for a moment.
Natasha barely misses you.
The crimson imp blinks!
Natasha stares at you and mumbles some strange words.
You resist with some effort.
You barely miss Natasha.
Natasha is heavily wounded.
Natasha claws you.
* * * LOW HITPOINT WARNING * * *
You barely miss Natasha.
Natasha is heavily wounded.
The crimson imp disappears in a puff of smoke!
Natasha claws you.
You die...

,,* *,,,,,,,,,**,,,*****,,,,,,,,,
*** *.#**,**,,,,.......#,**,,,,,,
,****.# *,*#,####....#..,,,,,,,,,
,,,**.##*,##.#.........#*,**,,,,,
**,,,..##.##.#..........,,**,,,,,
**##5.................##***,,,,,
#.h...###.#.........)# *,,,,,
#......##.#..h.......# *,,,,,
###...#*.......@...##÷.## ****,#
##.....##...5.§.....###..######..
[..##...........§...###.........#
.........#.###...............####
....#.####,#...#.....#...##.#####
.........#...###.......#..#.[....
............######....###........
........>..........##...###......
..................#####..........


You could see Natasha and a crimson imp.

Vanquished Creatures
  An adder (D:1)
  6 dart slugs
  A leopard gecko (D:1)
  A giant cockroach (D:1)
  4 goblins
  4 hobgoblins
  4 jackals (D:1)
  4 kobolds (D:1)
  A quokka (D:2)
  3 bats (D:1)
  2 frilled lizards (D:1)
  7 rats
38 creatures vanquished.

Notes
Turn   | Place    | Note
-------+----------+-------------------------------------------
     0 | D:1      | Gorglomux the Gargoyle Monk began the quest for the Orb.
     0 | D:1      | Reached XP level 1. HP: 14/14 MP: 1/1
   171 | D:1      | Reached XP level 2. HP: 14/19 MP: 2/2
   421 | D:1      | Reached skill level 4 in Maces & Flails
   440 | D:1      | Reached XP level 3. HP: 11/23 MP: 3/3
  1001 | D:2      | Noticed Natasha
  1057 | D:2      | Reached XP level 4. HP: 28/28 MP: 4/4
  1114 | D:2      | HP: 1/28 [Natasha (6)]
  1115 | D:2      | Slain by Natasha

Skill      XL: |  1  2 |
---------------+-------+-----
Maces & Flails | 4 |  4.8
Fighting       | |  3.2
Dodging        | |  2.4
Stealth        | |  2.1

Action                   |  1- 3 |  4- 6 || total
-------------------------+-------+-------++-------
Melee: Mace              |   107 |    18 ||   125
  Use: Scroll            |     7 |       ||     7
 Stab: Sleeping          |     3 |       ||     3
  Eat: Chunk             |     1 |       ||     1
Armor: Robe              |    44 |     4 ||    48
Dodge: Dodged            |    84 |     8 ||    92
